 Dungeon Sprint DCSS version 0.28-a0-1510-gd0f6b136d3 (webtiles) character file.

Game seed: 14712538623112494883

588 mhtbhm the Protected (level 7, -3/106 HPs)
             Began as a Minotaur Fighter on Jan 15, 2022.
             Was a High Priest of Qazlal.
             Slain by an 11-headed hydra (7 damage)
             ... in the Dungeon (Sprint VII: "The Pits").
             The game lasted 00:01:26 (493 turns).

mhtbhm the Protected (Minotaur Fighter)              Turns: 493, Time: 00:01:27

Health: -3/106     AC: 19    Str: 23    XL:     7   Next: 15%
Magic:  10/10      EV:  7    Int:  5    God:    Qazlal [*****.]
Gold:   0          SH: 13    Dex:  9    Spells: 6/6 levels left

rFire   . . .      SeeInvis .   a - +2 hand axe (vorpal)
rCold   . . .      Faith    .   c - +0 buckler
rNeg    . . .      Spirit   .   b - +2 plate armour
rPois   .          Reflect  .   (helmet restricted)
rElec   .          Harm     .   (no cloak)
rCorr   .          Rampage  .   (no gloves)
Will    .....      NoTele   +   (no boots)
Stlth   ..........              (no amulet)
HPRegen 0.27/turn               (no ring)
MPRegen 0.12/turn               (no ring)

@: berserking, protected from physical damage, repel missiles, very quick
A: horns 2, retaliatory headbutt
a: Renounce Religion, Upheaval, Elemental Force, Disaster Area


You were in the Dungeon.
You worshipped Qazlal.
Qazlal was extremely pleased with you.
You visited 1 branch

Inventory:

Hand Weapons
 a - a +2 vorpal hand axe (weapon)
Armour
 b - a +2 plate armour (worn)
 c - a +0 buckler (worn)
Scrolls
 j - a scroll of blinking
 l - 5 scrolls of amnesia
 m - a scroll of summoning
Potions
 d - a potion of might
 e - 4 potions of curing
 f - 6 potions of heal wounds
 g - a potion of haste
 h - 4 potions of magic
 i - 2 potions of berserk rage
 k - 2 potions of invisibility


   Skills:
 + Level 9.8 Fighting
 + Level 7.1 Axes
 + Level 10.2 Armour
 + Level 2.5 Dodging
 + Level 9.3 Shields
 * Level 5.4 Invocations


You had 6 spell levels left.
You didn't know any spells.
Your spell library was empty.

Dungeon Overview and Level Annotations

Branches:
Dungeon (1/1)

Altars:
Ashenzari
Cheibriados
Dithmenos
Elyvilon
Fedhas
Gozag
Hepliaklqana
Kikubaaqudgha
Makhleb
Nemelex Xobeh
Okawaru
Qazlal
Ru
Sif Muna
Trog
Uskayaw
Vehumet
Wu Jian
Xom
Yredelemnul
Zin
The Shining One
Beogh
Jiyva
Lugonu

Annotations:
D Gastronok, Terence


Innate Abilities, Weirdness & Mutations

You have a pair of horns on your head.
You reflexively headbutt those who attack you in melee.


Message History

You chop one of the eight-headed hydra's heads off!
The seven-headed hydra grows two more!
You slash the nine-headed hydra!
The nine-headed hydra is severely wounded.
The nine-headed hydra bites you but does no damage.
You block the nine-headed hydra's attack. x2
The nine-headed hydra bites you but does no damage.
The nine-headed hydra bites you.
You feel more protected from physical attacks.
The nine-headed hydra bites you.
You feel more protected from physical attacks.
The nine-headed hydra bites you.
The nine-headed hydra barely misses you.
The nine-headed hydra bites you!
You hack one of the nine-headed hydra's heads off!
The eight-headed hydra grows two more!
You slash the ten-headed hydra! You headbutt the ten-headed hydra!
The ten-headed hydra is severely wounded.
The ten-headed hydra bites you but does no damage. x3
You block the ten-headed hydra's attack. x2
The ten-headed hydra bites you but does no damage. x2
The ten-headed hydra bites you.
The ten-headed hydra closely misses you.
You block the ten-headed hydra's attack.
Terence shouts, "Get ready for death!"
You chop one of the ten-headed hydra's heads off!
The nine-headed hydra grows two more!
You slash the 11-headed hydra!
The 11-headed hydra is almost dead.
Gastronok waves his eye-stalks in wide circles.
The air twists around and strikes you!!
* * * LOW HITPOINT WARNING * * *
The 11-headed hydra bites you.
* * * LOW HITPOINT WARNING * * *
The 11-headed hydra bites you but does no damage. x2
You block the 11-headed hydra's attack.
The 11-headed hydra bites you but does no damage.
The 11-headed hydra barely misses you. The 11-headed hydra bites you.
* * * LOW HITPOINT WARNING * * *
The 11-headed hydra bites you but does no damage.
You block the 11-headed hydra's attack. The 11-headed hydra bites you!
You die...

#.#........##.......#
#.#........##.......#
#.#####'#####...<...#
#.#..[)))..##.......#
#)#..[)))..##.......#
#)###########.......#
#.......#..##########
#...#...#.## ###
#...#...#@# ...#
#.##.##.#D#....#
#...#...#@w.D..+
#...#...#†#....#
#.......).#..w.#
########### ####


You could see Gastronok (swift), a 11-headed hydra and Terence.

Vanquished Creatures
  A water moccasin (D)
  A floating eye (D)
  A wolf (D)
  A phantom (D)
  A kobold brigand (D)
  A scorpion (D)
  2 orc wizards (D)
  An adder (D)
  An ufetubus (D)
  An adder zombie (D)
  An adder skeleton (D)
  5 orcs (D)
  2 giant cockroaches (D)
  2 hobgoblins (D)
  A jackal (D)
  A kobold (D)
  A ball python (D)
  A bat (D)
  A quokka skeleton (D)
26 creatures vanquished.

Notes
Turn   | Place    | Note
-------+----------+-------------------------------------------
     0 | D        | mhtbhm the Minotaur Fighter began the quest for the Orb.
     0 | D        | Reached XP level 1. HP: 19/19 MP: 0/0
    20 | D        | Reached skill level 4 in Armour
    24 | D        | Found a bloodstained altar of Trog.
    24 | D        | Found a shimmering blue altar of Sif Muna.
    24 | D        | Found a viscous altar of Jiyva.
    24 | D        | Found a hazy altar of Hepliaklqana.
    24 | D        | Found an opulent altar of Gozag.
    25 | D        | Found a glowing golden altar of the Shining One.
    25 | D        | Found a glowing silver altar of Zin.
    25 | D        | Found a basalt altar of Yredelemnul.
    25 | D        | Found a shimmering altar of Xom.
    25 | D        | Found an ornate altar of the Wu Jian Council.
    25 | D        | Found a sacrificial altar of Ru.
    25 | D        | Found a stormy altar of Qazlal.
    25 | D        | Found an iron altar of Okawaru.
    25 | D        | Found a sparkling altar of Nemelex Xobeh.
    25 | D        | Found a burning altar of Makhleb.
    25 | D        | Found a blossoming altar of Fedhas.
    25 | D        | Found a white marble altar of Elyvilon.
    25 | D        | Found a shadowy altar of Dithmenos.
    25 | D        | Found a snail-covered altar of Cheibriados.
    27 | D        | Found a radiant altar of Vehumet.
    27 | D        | Found a corrupted altar of Lugonu.
    28 | D        | Found a hide-covered altar of Uskayaw.
    28 | D        | Found an ancient bone altar of Kikubaaqudgha.
    28 | D        | Found a broken altar of Ashenzari.
    32 | D        | Became a worshipper of Qazlal Stormbringer
    78 | D        | Reached * piety under Qazlal
    86 | D        | Noticed a floating eye
    88 | D        | Killed a floating eye
    89 | D        | Reached skill level 7 in Armour
    89 | D        | Reached XP level 2. HP: 34/34 MP: 1/1
    89 | D        | Reached XP level 3. HP: 39/39 MP: 2/2
    89 | D        | Reached XP level 4. HP: 47/47 MP: 3/3
   100 | D        | Reached ** piety under Qazlal
   103 | D        | Noticed a scorpion
   107 | D        | Killed a scorpion
   108 | D        | Reached skill level 8 in Armour
   108 | D        | Reached XP level 5. HP: 47/53 MP: 3/5
   176 | D        | Noticed a phantom
   177 | D        | Noticed a water moccasin
   178 | D        | Noticed a wolf
   192 | D        | Killed a phantom
   192 | D        | Reached *** piety under Qazlal
   193 | D        | Reached skill level 5 in Axes
   193 | D        | Reached skill level 1 in Dodging
   201 | D        | Killed a wolf
   202 | D        | Reached skill level 9 in Armour
   202 | D        | Reached XP level 6. HP: 61/63 MP: 6/8
   218 | D        | Killed a water moccasin
   221 | D        | Reached **** piety under Qazlal
   236 | D        | Reached ***** piety under Qazlal
   237 | D        | Reached skill level 5 in Invocations
   400 | D        | Reached skill level 10 in Armour
   400 | D        | Reached XP level 7. HP: 67/71 MP: 9/9
   479 | D        | Noticed Terence
   479 | D        | Noticed a four-headed hydra
   479 | D        | Noticed Gastronok
   493 | D        | HP: 4/106 [11-headed hydra (2)]
   493 | D        | Slain by an 11-headed hydra

Illustrated notes

Levels and vault maps discovered:
D:        pitsprint [storerooms_1, entrance_room_1, metal_vault_1, armoury_1,
          mini_pit_1, grid_room_1, main_hall_1, silver_pit, the_coven_1,
          the_vestibule_1, steel_vault_3, golden_pit, hallway_of_sentries,
          crystal_vault_1, iron_vault_4, final_vault]

Skill      XL: |  1  2  3  4  5  6  7 |
---------------+----------------------+-----
Fighting       | 7 9 |  9.8
Armour         | 7 8 9 10 | 10.2
Shields        | 6 7 8 9 |  9.3
Axes           | 4 6 7 |  7.1
Invocations    | 2 4 5 |  5.4
Dodging        | 1 2 |  2.5

Action                   |  1- 3 |  4- 6 |  7- 9 || total
-------------------------+-------+-------+-------++-------
Melee: Hand axe          |     6 |    77 |    23 ||   106
       War axe           |     3 |       |       ||     3
       Headbutt          |     2 |     8 |     7 ||    17
  Use: Potion            |       |     2 |     1 ||     3
Armor: Scale mail        |     4 |     7 |       ||    11
       Plate armour      |       |    20 |    23 ||    43
Dodge: Dodged            |     2 |    18 |     7 ||    27
       Repelled          |       |       |     1 ||     1
Block: Buckler           |       |    34 |    13 ||    47

Table legend: (Time is in decaauts)
 A = Elapsed time spent in this place.
 B = Non-inter-level travel time spent in this place.
 C = Inter-level travel time spent in this place.
 D = Time resting spent in this place.
 E = Time spent auto-exploring this place.
 F = Levels seen in this place.
 G = Mean time per level.
                   A        B        C        D        E       F      G
               +--------+--------+--------+--------+--------+-----+--------+
         Total |    496 |    496 |      0 |    185 |     31 |   1 |  496.0 |
       Dungeon |    496 |    496 |      0 |    185 |     31 |   1 |  496.0 |
               +--------+--------+--------+--------+--------+-----+--------+

Top non-repeatable levels by time:
       D: 496 daAuts
